TOP OF THE 1ST |
Port Royal Disaster batting - Pitching for Tortolita Drummers : RHP César Manoel
|
Pitching: RHP César Manoel
|
|
Batting: RHB Loren Stallings
|
0-0: Ball 1-0: Foul Ball, location: 2F 1-1: Foul Ball, location: 2F 1-2: SINGLE (Groundball, 6MD)
|
Batting: RHB Richard Cutshall
|
0-0: Called Strike 0-1: Ball 1-1: Foul Ball, location: 2F 1-2: Foul Ball, location: 2F 1-2: Strikes out looking
|
Batting: LHB Joey Coco
|
0-0: Ball 1-0: Ball 2-0: Swinging Strike 2-1: Fly out, F8 (Flyball, 8RM)
|
Batting: SHB Jasper Morrison
|
0-0: Ball 1-0: Foul Ball, location: 2F 1-1: Ball 2-1: Fly out, F7 (Flyball, 7LM)
|
Top of the 1st over - 0 runs, 1 hit, 0 errors, 1 left on base; Port Royal 0 - Tortolita 0 |
BOTTOM OF THE 1ST |
Tortolita Drummers batting - Pitching for Port Royal Disaster : RHP Omar Casteneda
|
Pitching: RHP Omar Casteneda
|
|
Batting: RHB Lu-fang Koo
|
0-0: Called Strike 0-1: Ball 1-1: Ball 2-1: Ground out 5-3 (Groundball, 5L)
|
Batting: RHB Keiran Calleson
|
0-0: Called Strike 0-1: Foul Ball, location: 2F 0-2: SINGLE (Flyball, 89S)
|
Batting: RHB Tomás Costello
|
0-0: Foul Ball, location: 2F 0-1: Ball 1-1: Ball 2-1: Swinging Strike 2-2: Fly out, F9 (Flyball, 9D)
|
Batting: RHB Otis Brewer
|
0-0: Foul Ball, location: 2F 0-1: Ball 1-1: Ball 2-1: Swinging Strike 2-2: Ball 3-2: Fly out, F6 (Line Drive, 6M)
|
Bottom of the 1st over - 0 runs, 1 hit, 0 errors, 1 left on base; Port Royal 0 - Tortolita 0 |
TOP OF THE 2ND |
Port Royal Disaster batting - Pitching for Tortolita Drummers : RHP César Manoel
|
Batting: LHB Spencer Powell
|
0-0: Ball 1-0: Fly out, F4 (Popup, 4MD)
|
Batting: RHB Michael Brannon
|
0-0: Called Strike 0-1: Swinging Strike 0-2: Strikes out swinging, 2-3 out at first.
|
Batting: RHB Gary Chalmers
|
0-0: Foul Ball, location: 2F 0-1: Foul Ball, location: 2F 0-2: Foul Ball, location: 2F 0-2: Ball 1-2: Fly out, F8 (Flyball, 8LD)
|
Top of the 2nd over - 0 runs, 0 hits, 0 errors, 0 left on base; Port Royal 0 - Tortolita 0 |
BOTTOM OF THE 2ND |
Tortolita Drummers batting - Pitching for Port Royal Disaster : RHP Omar Casteneda
|
Batting: RHB Colby King
|
0-0: Ball 1-0: Called Strike 1-1: Called Strike 1-2: Ball 2-2: Foul Ball, location: 2F 2-2: Foul Ball, location: 2F 2-2: Fly out, F7 (Flyball, 7)
|
Batting: RHB Ricardo Pacheco
|
0-0: Fly out, F9 (Flyball, 9)
|
Batting: LHB Alberto Garza
|
0-0: Ball 1-0: Swinging Strike 1-1: Swinging Strike 1-2: DOUBLE (Groundball, 3L)
|
Batting: RHB Vincent Klein
|
0-0: Ball 1-0: Swinging Strike 1-1: Ball 2-1: Foul Ball, location: 2F 2-2: Ground out 6-3 (Groundball, 6)
|
Bottom of the 2nd over - 0 runs, 1 hit, 0 errors, 1 left on base; Port Royal 0 - Tortolita 0 |
TOP OF THE 3RD |
Port Royal Disaster batting - Pitching for Tortolita Drummers : RHP César Manoel
|
Batting: RHB Wes Shannon
|
0-0: Ball 1-0: Swinging Strike 1-1: Ball 2-1: Foul Ball, location: 2F 2-2: Foul Ball, location: 2F 2-2: Ground out 4-3 (Groundball, 4)
|
Batting: RHB Steve Bock
|
0-0: Foul Ball, location: 2F 0-1: Foul Ball, location: 2F 0-2: Ball 1-2: Strikes out swinging
|
Batting: RHB Loren Stallings
|
0-0: Ground out 6-3 (Groundball, 6MS)
|
Top of the 3rd over - 0 runs, 0 hits, 0 errors, 0 left on base; Port Royal 0 - Tortolita 0 |
BOTTOM OF THE 3RD |
Tortolita Drummers batting - Pitching for Port Royal Disaster : RHP Omar Casteneda
|
Batting: SHB Marcos Roa
|
0-0: Called Strike 0-1: Ball 1-1: Ball 2-1: Ground out 4-3 (Groundball, 4)
|
Batting: RHB Lu-fang Koo
|
0-0: Foul Ball, location: 2F 0-1: Ball 1-1: SINGLE (Groundball, 4MD)
|
Batting: RHB Keiran Calleson
|
0-0: Ball 1-0: Ball 2-0: Called Strike 2-1: Foul Ball, location: 2F 2-2: Ball 3-2: SINGLE (Groundball, 34D) Lu-fang Koo to second Runner from 2nd tries for 3rd, SAFE, no throw
|
Batting: RHB Tomás Costello
|
0-0: Ball 1-0: Ball 2-0: Foul Ball, location: 2F 2-1: Fly out, F9 (Flyball, 9) Runner from 3rd tags up, SCORES, throw made
|
Batting: RHB Otis Brewer
|
0-0: Called Strike 0-1: Fly out, F5 (Popup, 25F)
|
Bottom of the 3rd over - 1 run, 2 hits, 0 errors, 1 left on base; Port Royal 0 - Tortolita 1 |
TOP OF THE 4TH |
Port Royal Disaster batting - Pitching for Tortolita Drummers : RHP César Manoel
|
Batting: RHB Richard Cutshall
|
0-0: Ball 1-0: Called Strike 1-1: Ball 2-1: Foul Ball, location: 2F 2-2: Fly out, F9 (Flyball, 9S)
|
Batting: LHB Joey Coco
|
0-0: Called Strike 0-1: Ball 1-1: Ball 2-1: Ball 3-1: Base on Balls
|
Batting: SHB Jasper Morrison
|
0-0: Ball Joey Coco steals 2nd base 1-0: Called Strike 1-1: Swinging Strike 1-2: Fly out, F9 (Flyball, 9D) Runner from 2nd tags up, SAFE at 3rd, no throw
|
Batting: LHB Spencer Powell
|
0-0: Called Strike 0-1: Ball 1-1: Ball 2-1: Foul Ball, location: 2F 2-2: Ball 3-2: Foul Ball, location: 2F 3-2: Base on Balls
|
Batting: RHB Michael Brannon
|
0-0: Ball 1-0: Foul Ball, location: 2F 1-1: 3-RUN HOME RUN (Flyball, 7LD), Distance : 331 ft
|
Batting: RHB Gary Chalmers
|
0-0: Foul Ball, location: 2F 0-1: Ball 1-1: Ball 2-1: Foul Ball, location: 2F 2-2: Ball 3-2: Base on Balls
|
Batting: RHB Wes Shannon
|
0-0: Ball 1-0: SINGLE (Flyball, 78S) Gary Chalmers to second
|
Batting: RHB Steve Bock
|
0-0: 3-RUN HOME RUN (Flyball, 7D), Distance : 371 ft
|
Batting: RHB Loren Stallings
|
0-0: Ball 1-0: DOUBLE (Line Drive, 8RXD)
|
Batting: RHB Richard Cutshall
|
0-0: Called Strike 0-1: Ball 1-1: Swinging Strike 1-2: Ball 2-2: Ground out 6-3 (Groundball, 6)
|
Top of the 4th over - 6 runs, 4 hits, 0 errors, 1 left on base; Port Royal 6 - Tortolita 1 |
BOTTOM OF THE 4TH |
Tortolita Drummers batting - Pitching for Port Royal Disaster : RHP Omar Casteneda
|
Batting: RHB Colby King
|
0-0: Swinging Strike 0-1: Foul Ball, location: 2F 0-2: Ball 1-2: Ball 2-2: Ball 3-2: SINGLE (Line Drive, 7LS)
|
Batting: RHB Ricardo Pacheco
|
0-0: Called Strike 0-1: SINGLE (Groundball, 4D) Colby King to second Runner from 2nd tries for 3rd, SAFE, no throw
|
Batting: LHB Alberto Garza
|
0-0: Ball 1-0: Fly out, F4 (Popup, 34D)
|
Batting: RHB Vincent Klein
|
0-0: Called Strike 0-1: Called Strike 0-2: Foul Ball, location: 2F 0-2: Ball 1-2: Fly out, F4 (Popup, 4M)
|
Batting: SHB Marcos Roa
|
0-0: Foul Ball, location: 2F 0-1: Foul Ball, location: 2F 0-2: Ball 1-2: Fly out, F8 (Flyball, 8LS)
|
Bottom of the 4th over - 0 runs, 2 hits, 0 errors, 2 left on base; Port Royal 6 - Tortolita 1 |
TOP OF THE 5TH |
Port Royal Disaster batting - Pitching for Tortolita Drummers : RHP César Manoel
|
Batting: LHB Joey Coco
|
0-0: Called Strike 0-1: Ball 1-1: Fly out, F5 (Popup, 6S)
|
Batting: SHB Jasper Morrison
|
0-0: Ball 1-0: Ball 2-0: Ground out U3 (Groundball, 34S)
|
Batting: LHB Spencer Powell
|
0-0: Ground out 4-3 (Groundball, 4)
|
Top of the 5th over - 0 runs, 0 hits, 0 errors, 0 left on base; Port Royal 6 - Tortolita 1 |
BOTTOM OF THE 5TH |
Tortolita Drummers batting - Pitching for Port Royal Disaster : RHP Omar Casteneda
|
Batting: RHB Lu-fang Koo
|
0-0: Ball 1-0: DOUBLE (Flyball, 78XD)
|
Batting: RHB Keiran Calleson
|
0-0: Called Strike 0-1: Ball 1-1: Ball 2-1: Foul Ball, location: 2F 2-2: Foul Ball, location: 2F 2-2: Fly out, F8 (Flyball, 89D) Runner from 2nd tags up, SAFE at 3rd, no throw
|
Batting: RHB Tomás Costello
|
0-0: Called Strike 0-1: Swinging Strike 0-2: Ball 1-2: Ground out 6-3 (Groundball, 6) Lu-fang Koo scores
|
Batting: RHB Otis Brewer
|
0-0: Ball 1-0: Ball 2-0: Ground out 5-3 (Groundball, 56S)
|
Bottom of the 5th over - 1 run, 1 hit, 0 errors, 0 left on base; Port Royal 6 - Tortolita 2 |
TOP OF THE 6TH |
Port Royal Disaster batting - Pitching for Tortolita Drummers : RHP César Manoel
|
Batting: RHB Michael Brannon
|
0-0: Called Strike 0-1: DOUBLE (Line Drive, 89XD)
|
Batting: RHB Gary Chalmers
|
0-0: Called Strike 0-1: Ball 1-1: Ball 2-1: Fly out, F8 (Flyball, 8LS)
|
Batting: RHB Wes Shannon
|
0-0: Called Strike 0-1: Ball 1-1: Ball 2-1: SINGLE (Groundball, 34D) Michael Brannon to third Runner from 3rd tries for Home, SAFE, no throw
|
Pitching: RHP Mike Desmond
|
|
Batting: RHB Steve Bock
|
0-0: Foul Ball, location: 2F 0-1: Ball 1-1: Swinging Strike 1-2: Ball 2-2: Ball 3-2: Fly out, F4 (Line Drive, 4)
|
Batting: RHB Loren Stallings
|
0-0: Called Strike 0-1: Foul Ball, location: 2F 0-2: Ball Wild Pitch! Wes Shannon to second 1-2: Ball 2-2: Strikes out looking
|
Top of the 6th over - 1 run, 2 hits, 0 errors, 1 left on base; Port Royal 7 - Tortolita 2 |
BOTTOM OF THE 6TH |
Tortolita Drummers batting - Pitching for Port Royal Disaster : RHP Omar Casteneda
|
Batting: RHB Colby King
|
0-0: Ball 1-0: Ball 2-0: Ball 3-0: Base on Balls
|
Pitching: LHP Magnus Scheving
|
|
Batting: RHB Ricardo Pacheco
|
0-0: Ball 1-0: Grounds into double play, 4-6-3 (Groundball, 4)
|
Batting: LHB Alberto Garza
|
0-0: Foul Ball, location: 2F 0-1: Swinging Strike 0-2: Ball 1-2: Ball 2-2: Strikes out swinging
|
Bottom of the 6th over - 0 runs, 0 hits, 0 errors, 0 left on base; Port Royal 7 - Tortolita 2 |
TOP OF THE 7TH |
Port Royal Disaster batting - Pitching for Tortolita Drummers : RHP Mike Desmond
|
Batting: RHB Richard Cutshall
|
0-0: Ball 1-0: Ball 2-0: Ball 3-0: Called Strike 3-1: Base on Balls
|
Batting: LHB Joey Coco
|
0-0: Ball 1-0: Ball 2-0: Foul Ball, location: 2F 2-1: Fly out, F9 (Line Drive, 9D)
|
Batting: SHB Jasper Morrison
|
0-0: Ball 1-0: Ball 2-0: Ball 3-0: Base on Balls Richard Cutshall to second
|
Batting: LHB Spencer Powell
|
0-0: Called Strike 0-1: Ball 1-1: Ball 2-1: Ball 3-1: Swinging Strike 3-2: Foul Ball, location: 2F 3-2: Foul Ball, location: 2F 3-2: Base on Balls Richard Cutshall to third Jasper Morrison to second
|
Batting: RHB Michael Brannon
|
0-0: Swinging Strike 0-1: Ball 1-1: Ball 2-1: Grounds into fielders choice 5-2 (Groundball, 56S) Jasper Morrison to third Spencer Powell to second
|
Batting: RHB Gary Chalmers
|
0-0: DOUBLE (Flyball, 78D) Jasper Morrison scores Spencer Powell scores Michael Brannon to third Runner from 3rd tries for Home, SAFE, no throw
|
Batting: RHB Wes Shannon
|
0-0: Ball 1-0: Called Strike 1-1: Ball 2-1: Ball 3-1: Base on Balls
|
Batting: RHB Steve Bock
|
0-0: Ball 1-0: Called Strike 1-1: Ball 2-1: Foul Ball, location: 2F 2-2: Foul Ball, location: 2F 2-2: Ball 3-2: Base on Balls Gary Chalmers to third Wes Shannon to second
|
Batting: RHB Loren Stallings
|
0-0: Called Strike 0-1: SINGLE (Line Drive, 78S) Gary Chalmers scores Wes Shannon to third Steve Bock to second Runner from 3rd tries for Home, SAFE, throw made home
|
Batting: RHB Richard Cutshall
|
0-0: Called Strike 0-1: SINGLE (Line Drive, 9S) Steve Bock to third Loren Stallings to second
|
Batting: LHB Joey Coco
|
0-0: Ball 1-0: Ball 2-0: Called Strike 2-1: Ball 3-1: Foul Ball, location: 2F 3-2: Foul Ball, location: 2F 3-2: SINGLE (Groundball, 34S) (infield hit) Steve Bock scores Loren Stallings to third Richard Cutshall to second
|
Batting: SHB Jasper Morrison
|
0-0: Ball 1-0: Fly out, F9 (Line Drive, 9)
|
Top of the 7th over - 6 runs, 4 hits, 0 errors, 3 left on base; Port Royal 13 - Tortolita 2 |
BOTTOM OF THE 7TH |
Tortolita Drummers batting - Pitching for Port Royal Disaster : LHP Magnus Scheving
|
Batting: RHB Vincent Klein
|
0-0: Ball 1-0: Ground out 4-3 (Groundball, 4S)
|
Batting: SHB Marcos Roa
|
0-0: Ball 1-0: Ball 2-0: Foul Ball, location: 2F 2-1: Foul Ball, location: 2F 2-2: Foul Ball, location: 2F 2-2: Ground out 4-3 (Groundball, 4)
|
Batting: RHB Lu-fang Koo
|
0-0: Fly out, F6 (Line Drive, 6M)
|
Bottom of the 7th over - 0 runs, 0 hits, 0 errors, 0 left on base; Port Royal 13 - Tortolita 2 |
TOP OF THE 8TH |
Port Royal Disaster batting - Pitching for Tortolita Drummers : RHP Mike Desmond
|
Batting: LHB Spencer Powell
|
0-0: Foul Ball, location: 2F 0-1: Ground out 1-3 (Groundball, 15S)
|
Batting: RHB Michael Brannon
|
0-0: Ball 1-0: Ball 2-0: Swinging Strike 2-1: Ball 3-1: Called Strike 3-2: Base on Balls
|
Pitching: RHP Rudy Byrd
|
|
Batting: RHB Gary Chalmers
|
0-0: Ball 1-0: Ball 2-0: Ball 3-0: Called Strike 3-1: Foul Ball, location: 2F 3-2: Strikes out looking
|
Batting: RHB Wes Shannon
|
0-0: Ball 1-0: Ball 2-0: Called Strike 2-1: Ball 3-1: Foul Ball, location: 2F 3-2: Ground out 1-3 (Groundball, 15S)
|
Top of the 8th over - 0 runs, 0 hits, 0 errors, 1 left on base; Port Royal 13 - Tortolita 2 |
BOTTOM OF THE 8TH |
Tortolita Drummers batting - Pitching for Port Royal Disaster : LHP Magnus Scheving
|
Now at C: Aurelio Jiménez
|
|
Now at 1B: Hieu De
|
|
Now at 3B: Ryan Faulkner
|
|
Batting: RHB Keiran Calleson
|
0-0: Called Strike 0-1: Ball 1-1: Ball 2-1: Fly out, F8 (Flyball, 8RS)
|
Batting: RHB Tomás Costello
|
0-0: Ball 1-0: Fly out, F7 (Line Drive, 7)
|
Pinch Hitting: RHB Jeffery Campbell
|
0-0: Ball 1-0: Ball 2-0: Ball 3-0: Base on Balls
|
Batting: RHB Colby King
|
0-0: Swinging Strike 0-1: Ball 1-1: Fly out, F6 (Line Drive, 6M)
|
Bottom of the 8th over - 0 runs, 0 hits, 0 errors, 1 left on base; Port Royal 13 - Tortolita 2 |
TOP OF THE 9TH |
Port Royal Disaster batting - Pitching for Tortolita Drummers : RHP Rudy Byrd
|
Now in RF: Jeffery Campbell
|
|
Batting: RHB Steve Bock
|
0-0: Called Strike 0-1: Ball 1-1: Called Strike 1-2: Foul Ball, location: 2F 1-2: Ball 2-2: Strikes out looking
|
Batting: RHB Loren Stallings
|
0-0: Ball 1-0: Called Strike 1-1: Ground out 6-3 (Groundball, 6)
|
Batting: RHB Richard Cutshall
|
0-0: Ball 1-0: Foul Ball, location: 2F 1-1: Ground out 4-3 (Groundball, 34D)
|
Top of the 9th over - 0 runs, 0 hits, 0 errors, 0 left on base; Port Royal 13 - Tortolita 2 |
BOTTOM OF THE 9TH |
Tortolita Drummers batting - Pitching for Port Royal Disaster : LHP Magnus Scheving
|
Batting: RHB Ricardo Pacheco
|
0-0: Ball 1-0: Called Strike 1-1: Fly out, F8 (Flyball, 89M)
|
Batting: LHB Alberto Garza
|
0-0: Called Strike 0-1: Called Strike 0-2: SINGLE (Groundball, 56D)
|
Batting: RHB Vincent Klein
|
|
Pinch Hitting: RHB Eisse Cals
|
0-0: Ball 1-0: Foul Ball, location: 2F 1-1: Ball 2-1: Ball 3-1: Called Strike 3-2: Strikes out swinging
|
Batting: SHB Marcos Roa
|
0-0: Fly out, F7 (Flyball, 7S)
|
Bottom of the 9th over - 0 runs, 1 hit, 0 errors, 1 left on base; Port Royal 13 - Tortolita 2 |
|